 Dungeon Crawl Stone Soup version 0.30.1-3-gfc49f6343a (webtiles) character file.

Game seed: 2563529825770348703

54 Gabide the Grasshopper (level 3, 0/29 HPs)
             Began as a Demigod Warper on Aug 3, 2023.
             Slain by Natasha (5 damage)
             ... on level 1 of the Dungeon.
             The game lasted 00:03:17 (1344 turns).

Gabide the Grasshopper (Demigod Warper)             Turns: 1344, Time: 00:03:18

Health: 0/29       AC:  5    Str: 12    XL:     3   Next: 44%
Magic:  8/8        EV: 12    Int: 19    God:
Gold:   91         SH:  0    Dex: 13    Spells: 6/6 levels left

rFire   . . .        a - +0 spear
rCold   . . .        (no shield)
rNeg    . . .        b - +0 leather armour
rPois   .            (no helmet)
rElec   .            (no cloak)
rCorr   .            f - +1 pair of gloves
SInv    .            (no boots)
Will    .....        g - amulet of magic regeneration
Stlth   +            (no ring)
HPRegen 0.24/turn    (no ring)
MPRegen 0.51/turn

%: no passive effects
@: no status effects
A: high MP 1, forlorn, divine attributes
a: no special abilities


You were on level 1 of the Dungeon.
You visited 1 branch of the dungeon, and saw 2 of its levels.

You collected 91 gold pieces.

Inventory:

Hand Weapons
 a - a +0 spear (weapon)
Missiles
 d - a boomerang of dispersal
 i - a poisoned dart (quivered)
 k - 11 boomerangs
Armour
 b - a +0 leather armour (worn)
 f - a +1 pair of gloves (worn)
Jewellery
 g - an amulet of magic regeneration (around neck)
 l - a ring of fire
Scrolls
 c - a scroll of blinking
 e - a scroll of identify {unknown}


   Skills:
 + Level 2.2 Fighting
 + Level 2.2 Polearms
 - Level 1.0 Throwing
 - Level 1.0 Armour
 + Level 2.3 Dodging
 + Level 2.2 Spellcasting
 - Level 3.0 Translocations


You had 6 spell levels left.
You didn't know any spells.
Your spell library contained the following spells:

 Spells                   Type           Power      Damage    Failure   Level
 Blink                    Tloc           26%        N/A       10%         2
 Lesser Beckoning         Tloc           26%        N/A       10%         2
 Teleport Other           Tloc           13%        N/A       19%         3
 Slow                     Hex            8%         N/A       22%         1
 Summon Small Mammal      Summ           8%         N/A       22%         1
 Vhi's Electric Charge    Tloc/Air       14%        N/A       34%         3
 Manifold Assault         Tloc           13%        N/A       52%         4
 Call Canine Familiar     Summ           2%         N/A       54%         3
 Confusing Touch          Hex            2%         N/A       54%         3
 Summon Guardian Golem    Hex/Summ       2%         N/A       54%         3
 Vampiric Draining        Necr           2%         2d6       54%         3
 Animate Armour           Summ/Erth      4%         N/A       91%         4
 Blade Hands              Tmut           1%         N/A       99%         5
 Iron Shot                Conj/Erth      1%         9d1       100%        6


Dungeon Overview and Level Annotations

Branches:
Dungeon (2/15)

Annotations:
D:1 Natasha


Innate Abilities, Weirdness & Mutations

You have an increased reservoir of magic. (+10% MP)
You shall have no god before yourself.
Your divine heritage dramatically boosts your attributes as you level up.


Message History

There is a stone staircase leading down here.
HP restored.
Done exploring.
You start waiting.
Done waiting.
You climb downwards.
Level annotation: Natasha
There is a stone staircase leading up, spattered with blood here.
Natasha casts a spell.
You hit Natasha.
Natasha is lightly wounded.
Natasha claws you.
The cerulean imp hits you but does no damage.
There is a stone staircase leading up, spattered with blood here.
Natasha claws you.
You climb upwards.
The cerulean imp disappears in a puff of smoke!
There is a stone staircase leading down here.
Throw: 4 boomerangs (disperse)
Press: ? - help, Shift-Dir - straight line, f - Natasha
Aim: Natasha (lightly wounded, 50% to hit)
You throw a boomerang of dispersal.
The boomerang of dispersal barely misses Natasha.
Natasha claws you!
Throw: 3 boomerangs (disperse)
Press: ? - help, Shift-Dir - straight line, f/p - Natasha
Aim: Natasha (lightly wounded, 50% to hit)
You throw a boomerang of dispersal.
The boomerang of dispersal barely misses Natasha.
Natasha claws you!
Natasha stares at you and mumbles some strange words.
The magic dart hits you.
* * * LOW HITPOINT WARNING * * *
Throw: 2 boomerangs (disperse)
Press: ? - help, Shift-Dir - straight line, f/p - Natasha
Aim: Natasha (lightly wounded, 50% to hit)
You throw a boomerang of dispersal.
The boomerang of dispersal closely misses Natasha.
Natasha claws you.
You die...

.# #.#.##.#.....#######.#### #
.####.#.##....(.....####.# #
...#......##.............# #
....)..........).##.###### #
...#)##.#.##.#...##.# #
.###.........#...##.# #########
.# #..#.#.#..#...##.#####........
####.............h......#.##.####
......>.........@.........##.####
####..###.#.........###..........
#..###.#.######### ######.####
#........# #.#### ##########
#..... ######


You could see Natasha.

Vanquished Creatures
  Natasha (D:2)
  A dart slug (D:1)
  3 ball pythons (D:1)
  A bat (D:2)
  4 endoplasms
  5 giant cockroaches
  3 goblins (D:1)
  4 kobolds
  5 rats
27 creatures vanquished.

Notes
Turn   | Place    | Note
-------+----------+-------------------------------------------
     0 | D:1      | Gabide the Demigod Warper began the quest for the Orb.
     0 | D:1      | Reached XP level 1. HP: 17/17 MP: 5/5
   140 | D:1      | Reached skill level 1 in Armour
   150 | D:1      | Reached skill level 1 in Throwing
   196 | D:1      | Reached XP level 2. HP: 24/24 MP: 7/7
  1121 | D:2      | Noticed Natasha
  1133 | D:2      | Killed Natasha
  1134 | D:2      | Reached skill level 3 in Translocations
  1134 | D:2      | Reached XP level 3. HP: 10/29 MP: 8/8
  1178 | D:2      | Noticed Natasha
  1344 | D:1      | Slain by Natasha

Illustrated notes

Levels and vault maps discovered:
D:1:      dpeg_arrival_prison, layout_loops_ring, minmay_domino_2
D:2:      layout_basic, uniq_robin, uniq_natasha

Skill      XL: |  1  2 |
---------------+-------+-----
Armour         | 1 |  1.0
Throwing       | 1 |  1.0
Dodging        | 2 |  2.3
Spellcasting   | 2 |  2.2
Fighting       | 2 |  2.2
Polearms       | 2 |  2.2
Translocations | 3 |  3.0

Action                     || total
---------------------------++-------
  Melee: Spear             ||   102
  Throw: Dart              ||     6
         Boomerang         ||     6
    Use: Scroll            ||     3
 Armour: Leather armour    ||    27
  Dodge: Dodged            ||    40
